 Dungeon Crawl Stone Soup version 0.23-b1-49-g13d5857 (webtiles) character file.

Game seed: 12421812818097411190

858 Kairos the Chopper (level 8, -3/42 HPs)
             Began as a Vine Stalker Fighter on Feb 3, 2019.
             Slain by a sun demon (15 damage)
             ... on level 1 of the Abyss.
             The game lasted 00:04:43 (3559 turns).

Kairos the Chopper (Vine Stalker Fighter)           Turns: 3559, Time: 00:04:44

Health: -3/42      AC: 10    Str: 21    XL:     8   Next: 2%
Magic:  0/9        EV:  6    Int:  8    God:
Gold:   251        SH: 10    Dex: 14    Spells: 7/7 levels left

rFire    . . .     SeeInvis .   a - +0 war axe
rCold    . . .     Gourm    +   c - +0 shield
rNeg     + . .     Faith    .   k - +0 chain mail
rPois    .         Spirit   +   (no helmet)
rElec    .         Reflect  .   (no cloak)
rCorr    .         Harm     .   z - +0 pair of gloves
MR       +....                  (no boots)
Stlth    ..........             n - amulet of the gourmand
HPRegen  0.54/turn              t - ring of flight
MPRegen  0.11/turn              l - ring of positive energy

@: about to teleport
A: fangs 3, regeneration 1, magic shield, antimagic bite, no potion heal 3, rot
immunity
a: Evoke Flight


You were on level 1 of the Abyss.
You were hungry.

You visited 1 branch of the dungeon, and saw 5 of its levels.
You visited the Abyss 1 time.

You collected 251 gold pieces.

Inventory:

Hand Weapons
 a - a +0 war axe (weapon)
 o - a +1 whip of holy wrath
Armour
 b - a +0 scale mail
 c - a +0 shield (worn)
 k - a +0 chain mail (worn)
 z - a +0 pair of gloves (worn)
Jewellery
 i - an uncursed ring of ice
 l - a ring of positive energy (right hand)
 n - an amulet of the gourmand (around neck)
 t - a ring of flight (left hand)
Wands
 u - a wand of scattershot (4)
 x - a wand of random effects (15)
Scrolls
 e - a scroll of remove curse
 h - 3 scrolls of fog
 p - a scroll of teleportation
 w - a scroll of identify
 y - a scroll of enchant weapon {unknown}
Potions
 d - 2 potions of might
 g - 4 potions of curing {unknown}
 j - 3 potions of lignification {unknown}
 m - a potion of agility {unknown}
 q - 2 potions of haste {unknown}
 r - a potion of degeneration {unknown}
 s - a potion of mutation {unknown}
 v - a potion of flight {unknown}
 A - a potion of resistance {unknown}
Comestibles
 f - 6 rations


   Skills:
 + Level 3.9 Fighting
 + Level 5.4 Axes
 + Level 3.6 Armour
 + Level 1.0 Dodging
 + Level 0.3 Stealth
 + Level 4.9 Shields


You had 7 spell levels left.
You didn't know any spells.
Your spell library was empty.

Dungeon Overview and Level Annotations

Branches:
Dungeon (5/15)
 Temple: D:4-7

Altars:

Annotations:
D:5 Sigmund


Innate Abilities, Weirdness & Mutations

You have razor-sharp teeth.
Your natural rate of healing is unusually fast.
When hurt, damage is shared between your health and your magic reserves.
Your bite disrupts and absorbs the magic of your enemies.
Potions cannot restore your health.
You are immune to rotting.


Message History

You are feeling hungry.
Found a runed long sword.
Found 21 sling bullets.
A sun demon comes into view.
The sun demon shouts!
The thrashing horror roars!
You hear a roar!
Found a lumpy black potion.
As you read the scroll of teleportation, it crumbles to dust.
You feel strangely unstable.
You feel the power of the Abyss delaying your translocation!
You block the sun demon's attack.
A hellwing comes into view.
The hellwing gives a chilling moan.
The sun demon hits you!
You are engulfed in flames!
The sun demon completely misses you.
You see here a lumpy black potion.
A - a lumpy black potion The sun demon closely misses you.
The sun demon hits you!!
* * * LOW HITPOINT WARNING * * *
You are engulfed in flames!!
You die...

.# #. ## .##
##ยง . #.. ..#
#...# . #..
.#.. .#.##..
..#
..#.#.##..#
##...X@#.# #
#...#3#.# .
#...#4x## #.##
#...#
#.#.....#..#
#...###..#...
####.Xx##..##.
.#. .#.#..#
.#..# . ....
.### ## #


You could see a sun demon, a thrashing horror and a hellwing.

Vanquished Creatures
  Grinder (D:4)
  An ogre (D:5)
  2 hounds (D:4)
  An orc priest (D:3)
  A bullfrog skeleton (D:4)
  2 iguanas (D:4)
  Ijyb (D:4)
  Natasha (thrice) (D:2)
  An orc wizard (D:3)
  3 worker ants (D:4)
  6 adders
  3 gnolls (D:2)
  2 oozes
  An adder skeleton (D:4)
  7 worms
  2 dart slugs (D:1)
  3 leopard geckos
  12 orcs
  5 bats
  4 giant cockroaches
  2 goblins
  12 hobgoblins
  7 jackals
  A quokka (D:4)
  7 frilled lizards
  9 kobolds
  8 rats
107 creatures vanquished.

Notes
Turn   | Place    | Note
-------+----------+-------------------------------------------
     0 | D:1      | Kairos the Vine Stalker Fighter began the quest for the
                  | Orb.
     0 | D:1      | Reached XP level 1. HP: 11/11 MP: 2/2
    43 | D:1      | Reached XP level 2. HP: 15/16 MP: 1/3
    50 | D:1      | Reached skill level 2 in Axes
   340 | D:1      | Reached XP level 3. HP: 19/19 MP: 4/4
   926 | D:2      | Gained mutation: Your natural rate of healing is unusually
                  | fast. [Vine Stalker growth]
   926 | D:2      | Reached XP level 4. HP: 24/24 MP: 5/5
  1080 | D:2      | Reached XP level 5. HP: 28/28 MP: 6/6
  1331 | D:2      | Noticed Natasha
  1339 | D:2      | Killed Natasha
  1341 | D:2      | Noticed Natasha
  1351 | D:2      | Killed Natasha
  1445 | D:2      | Noticed Natasha
  1460 | D:2      | Killed Natasha
  1460 | D:2      | Reached skill level 3 in Axes
  1563 | D:3      | Reached XP level 6. HP: 32/32 MP: 7/7
  2510 | D:4      | Reached skill level 4 in Axes
  2518 | D:4      | Noticed Ijyb
  2538 | D:4      | Killed Ijyb
  2607 | D:4      | Reached XP level 7. HP: 32/36 MP: 6/8
  2867 | D:4      | Noticed Grinder
  2886 | D:4      | Killed Grinder
  3155 | D:4      | Reached skill level 5 in Axes
  3155 | D:4      | Reached skill level 1 in Dodging
  3340 | D:5      | Entered Level 5 of the Dungeon
  3342 | D:5      | Gained mutation: You have razor-sharp teeth. [Vine Stalker
                  | growth]
  3342 | D:5      | Reached XP level 8. HP: 17/42 MP: 3/9
  3344 | D:5      | Noticed Sigmund
  3504 | D:5      | Cast into level 1 of the Abyss (Sigmund)
  3550 | Abyss:1  | Noticed a sun demon
  3550 | Abyss:1  | Noticed a thrashing horror
  3550 | Abyss:1  | Noticed an ancient zyme
  3553 | Abyss:1  | Noticed a hellwing
  3559 | Abyss:1  | Slain by a sun demon

Skill      XL: |  1  2  3  4  5  6  7 |
---------------+----------------------+-----
Axes           | 2 3 4 5 |  5.4
Shields        | 3 4 |  4.9
Fighting       | 3 |  3.9
Armour         | 3 |  3.6
Dodging        | 1 |  1.0
Stealth        | |  0.3

Action                   |  1- 3 |  4- 6 |  7- 9 || total
-------------------------+-------+-------+-------++-------
Melee: War axe           |    97 |   181 |    68 ||   346
       Bite              |    25 |    62 |    24 ||   111
Evoke: Wand              |       |       |     1 ||     1
  Use: Scroll            |     3 |     1 |     1 ||     5
  Eat: Chunk             |       |     3 |     3 ||     6
       Ration            |       |     1 |       ||     1
Armor: Scale mail        |    37 |       |       ||    37
       Chain mail        |    13 |    88 |    25 ||   126
Dodge: Dodged            |    33 |    29 |    17 ||    79
Block: Shield            |    67 |    89 |    32 ||   188
